 Dungeon Crawl Stone Soup version 0.28-a0-863-g8cecda6153 (webtiles) character file.

Game seed: 18227527166360208270

7165 kklluuttzz the Severer (level 11, -5/78 HPs)
             Began as a Formicid Fighter on Nov 16, 2021.
             Was a Believer of Sif Muna.
             Slain by a boulder beetle (33 damage)
             ... on level 11 of the Dungeon.
             The game lasted 00:15:05 (12156 turns).

kklluuttzz the Severer (Formicid Fighter)          Turns: 12156, Time: 00:15:06

Health: -5/78      AC: 13    Str: 22    XL:     11   Next: 32%
Magic:  0/15       EV:  7    Int: 10    God:    Sif Muna [**....]
Gold:   592        SH: 10    Dex: 10    Spells: 13/16 levels left

rFire   . . .      SeeInvis +   a - +0 battleaxe
rCold   . . .      Faith    .   v - +0 kite shield
rNeg    . . .      Spirit   +   i - +3 chain mail
rPois   +          Reflect  .   (helmet unavailable)
rElec   .          Harm     .   j - +0 cloak {rPois}
rCorr   .          Rampage  .   (no gloves)
Will    +....                   (no boots)
Stlth   ..........              s - amulet of guardian spirit
HPRegen 0.23/turn               (no ring)
MPRegen 0.14/turn               (no ring)

@: no status effects
A: permanent stasis, dig shafts and tunnels, antennae 3, four strong arms
a: Dig, Shaft Self, Renounce Religion, Channel Magic


You were on level 11 of the Dungeon.
You worshipped Sif Muna.
Sif Muna was pleased with you.
You visited 2 branches of the dungeon, and saw 12 of its levels.

You collected 592 gold pieces.

Inventory:

Hand Weapons
 a - a +0 battleaxe (weapon)
 y - a +0 hand crossbow of freezing
Missiles
 z - 19 bolts
 F - a throwing net
Armour
 i - a +3 chain mail (worn)
 j - a +0 cloak of poison resistance (worn)
 v - a +0 kite shield (worn)
 w - a +2 cloak of stealth
Jewellery
 s - an amulet of guardian spirit (around neck)
Wands
 f - a wand of acid (3)
 g - a wand of iceblast (6)
 C - a wand of flame (13)
Scrolls
 e - a scroll of torment
 h - a scroll of magic mapping
 k - a scroll of blinking {unknown}
 l - 3 scrolls of teleportation
 m - a scroll of immolation
 o - a scroll of vulnerability {unknown}
 p - 6 scrolls of amnesia
 r - 2 scrolls of fog
 u - a scroll of enchant weapon {unknown}
 x - 5 scrolls of noise
 A - a scroll of identify
 D - a scroll of silence {unknown}
 E - 3 scrolls of enchant armour {unknown}
Potions
 b - 2 potions of attraction {unknown}
 c - a potion of brilliance {unknown}
 d - 4 potions of might
 n - 2 potions of lignification {unknown}
 q - 4 potions of flight
 t - 3 potions of invisibility
 B - 2 potions of curing


   Skills:
 - Level 4.9 Fighting
 + Level 16.6 Axes
 - Level 3.2 Armour
 - Level 9.0 Shields
 - Level 3.1 Spellcasting
 - Level 2.8 Translocations


You had 13 spell levels left.
You knew the following spells:

 Your Spells              Type           Power      Damage    Failure   Level
t - Teleport Other        Tloc           7%         N/A       92%         3

Your spell library contained the following spells:

 Spells                   Type           Power      Damage    Failure   Level
 Gell's Gravitas          Tloc           7%         N/A       92%         3
 Lesser Beckoning         Tloc           7%         N/A       92%         3
 Freeze                   Ice            4%         1d3       94%         1
 Magic Dart               Conj           4%         1d3       94%         1
 Passwall                 Tmut/Erth      0%         N/A       98%         2
 Searing Ray              Conj           2%         2d4       98%         2
 Portal Projectile        Hex/Tloc       8%         N/A       99%         3
 Frozen Ramparts          Ice            2%         1d2       100%        3
 Stone Arrow              Conj/Erth      2%         3d7       100%        3
 Animate Armour           Summ/Erth      2%         N/A       100%        4
 Fulminant Prism          Conj/Hex       0%         3d6       100%        4
 Hailstorm                Conj/Ice       1%         3d3       100%        4
 Blade Hands              Tmut           0%         N/A       100%        5
 Excruciating Wounds      Necr           0%         N/A       100%        5
 Fireball                 Conj/Fire      0%         3d3       100%        5
 Starburst                Conj/Fire      0%         6d3       100%        6
 Ignition                 Fire           0%         3d3       100%        8
 Lehudib's Crystal Spear  Conj/Erth      0%         10d2      100%        8
 Swiftness                Air            Unusable   N/A       N/A         3

Dungeon Overview and Level Annotations

Branches:
Dungeon (11/15)            Temple (1/1) D:7            Lair (0/6) D:9
    Orc (0/2) D:9

Altars:
Ashenzari
Cheibriados
Dithmenos
Elyvilon
Fedhas
Gozag
Hepliaklqana
Kikubaaqudgha
Makhleb
Nemelex Xobeh
Okawaru
Qazlal
Ru
Sif Muna
Trog
Uskayaw
Vehumet
Wu Jian
Xom
Yredelemnul
Zin
The Shining One
Beogh

Shops:
D:10 *

Annotations:
D:6 5 runed translucent doors


Innate Abilities, Weirdness & Mutations

You cannot be hasted, slowed, berserked, paralysed or teleported.
You can dig through walls and to a lower floor.
You have a pair of large antennae on your head. (SInv)
Your four strong arms can wield two-handed weapons with a shield.


Message History

The boulder beetle leaps!
The boulder beetle leaps!
The boulder beetle curls into a ball and begins rolling!
The boulder beetle hits you!!!
Ouch! That really hurt!
The boulder beetle stops rolling and uncurls.
You are too injured to fight recklessly!
You are too injured to fight recklessly!
You are too injured to fight recklessly!
You are too injured to fight recklessly!
You hit the boulder beetle but do no damage.
The boulder beetle is heavily wounded.
You hit the boulder beetle but do no damage.
The boulder beetle is heavily wounded.
The boulder beetle leaps!
Aiming: Corrosive Bolt
Press: ? - help, Shift-Dir - straight line, f - boulder beetle
Aim: a boulder beetle (heavily wounded, 100% to hit)
The bolt of acid hits the boulder beetle but does no damage.
The boulder beetle is heavily wounded.
The boulder beetle curls into a ball and begins rolling!
Aiming: Corrosive Bolt
Press: ? - help, Shift-Dir - straight line, f/p - boulder beetle
Aim: a boulder beetle (heavily wounded, rolling, 100% to hit)
The bolt of acid hits the boulder beetle.
The boulder beetle is severely wounded.
Aiming: Corrosive Bolt
Press: ? - help, Shift-Dir - straight line, f/p - boulder beetle
Aim: a boulder beetle (heavily wounded, rolling, 100% to hit)
The bolt of acid hits the boulder beetle!
The acid corrodes the boulder beetle!
The boulder beetle is severely wounded.
Aiming: Corrosive Bolt
Press: ? - help, Shift-Dir - straight line, f/p - boulder beetle
Aim: a boulder beetle (severely wounded, rolling, covered in acid, 100% to hit)
The bolt of acid hits the boulder beetle.
The boulder beetle seems to be corroded for longer.
The boulder beetle is severely wounded.
The boulder beetle hits you!!!
You die...

####+#######
#..........#
#..........#
#..........#
#..........+
#...@B°....#
#......°..(#
#..........#
#.).....(..#
#..........#
###'########
#....#
######'####
###+####
#......|..#
#...^...


You could see a boulder beetle (rolling, corroded).

Vanquished Creatures
  Nergalle (D:10)
  Maurice (D:8)
  A komodo dragon (D:9)
  A hornet (D:10)
  A troll (D:11)
  Grinder (D:6)
  A wraith (D:6)
  2 wyverns (D:9)
  2 basilisks (D:9)
  4 yaks (D:11)
  2 vampire mosquitoes (D:10)
  Menkaure (D:6)
  3 acid dragons
  2 water moccasins
  2 ice beasts (D:7)
  4 black bears
  4 orc warriors (D:9)
  2 ogres
  A sky beast (D:5)
  2 necrophages
  6 centaurs
  2 kobold brigands
  5 scorpions
  A water moccasin skeleton (D:7)
  A howler monkey (D:5)
  2 hounds
  10 orc priests
  2 centaur skeletons
  Crazy Yiuf (D:2)
  A gnoll shaman (D:6)
  2 iguanas (D:6)
  Terence (D:2)
  7 orc wizards
  A hound skeleton (D:5)
  2 howler monkey zombies
  8 gnolls
  4 adders
  A white imp (D:7)
  An adder skeleton (D:4)
  46 orcs
  5 ball pythons
  5 bats
  2 endoplasms
  2 giant cockroaches
  4 goblins
  3 hobgoblins
  30 kobolds
  A quokka (D:1)
  4 frilled lizards
  2 rats
200 creatures vanquished.

Vanquished Creatures (others)
  A fungus (D:2)
  36 plants
  4 toadstools (D:3)
41 creatures vanquished.

Grand Total: 241 creatures vanquished

Notes
Turn   | Place    | Note
-------+----------+-------------------------------------------
     0 | D:1      | kklluuttzz the Formicid Fighter began the quest for the
                  | Orb.
     0 | D:1      | Reached XP level 1. HP: 18/18 MP: 1/1
   192 | D:1      | Reached XP level 2. HP: 22/24 MP: 2/2
   609 | D:1      | Reached skill level 3 in Axes
   773 | D:2      | Noticed Terence
   781 | D:2      | Killed Terence
   782 | D:2      | Reached XP level 3. HP: 21/29 MP: 3/3
  1054 | D:2      | Reached skill level 4 in Axes
  1054 | D:2      | Reached XP level 4. HP: 33/35 MP: 4/4
  1140 | D:2      | Found a faded altar of an unknown god.
  1222 | D:2      | Found a runed translucent door.
  1223 | D:2      | Noticed Crazy Yiuf
  1228 | D:2      | Killed Crazy Yiuf
  1813 | D:3      | Learned a level 3 spell: Teleport Other
  2493 | D:3      | Reached XP level 5. HP: 41/41 MP: 5/5
  2814 | D:4      | Reached skill level 5 in Axes
  3432 | D:4      | Reached XP level 6. HP: 23/47 MP: 3/6
  3690 | D:4      | Reached skill level 6 in Axes
  4070 | D:5      | Entered Level 5 of the Dungeon
  4202 | D:5      | Noticed a sky beast
  4216 | D:5      | Killed a sky beast
  4217 | D:5      | Reached skill level 7 in Axes
  4217 | D:5      | Reached XP level 7. HP: 46/52 MP: 7/7
  4577 | D:5      | Reached skill level 1 in Spellcasting
  4577 | D:5      | Reached skill level 1 in Translocations
  4938 | D:5      | Reached XP level 8. HP: 57/60 MP: 9/11
  5282 | D:5      | Identified a scroll of acquirement
  5282 | D:5      | Acquired a manual of Axes
  5731 | D:5      | Found a glowing silver altar of Zin.
  5874 | D:6      | Noticed Menkaure
  5887 | D:6      | Killed Menkaure
  5888 | D:6      | Reached skill level 8 in Axes
  6289 | D:6      | Found a runed translucent door.
  6289 | D:6      | Noticed a redback
  6289 | D:6      | Noticed a redback
  6312 | D:6      | Found the +9 staff of Olgreb {rPois∞}
  6319 | D:6      | Noticed a wraith
  6336 | D:6      | Reached skill level 9 in Axes
  6343 | D:6      | Killed a wraith
  6349 | D:6      | Reached skill level 10 in Axes
  6349 | D:6      | Reached XP level 9. HP: 51/67 MP: 10/13
  6427 | D:6      | Noticed Grinder
  6450 | D:6      | Killed Grinder
  6451 | D:6      | Reached skill level 11 in Axes
  6796 | D:6      | Reached skill level 12 in Axes
  6843 | D:6      | Found a runed translucent gate.
  6845 | D:6      | Found a runed translucent gate.
  6845 | D:6      | Found a runed translucent gate.
  6854 | D:6      | Found a runed translucent door.
  7559 | D:7      | Found a staircase to the Ecumenical Temple.
  7572 | Temple   | Entered the Ecumenical Temple
  7816 | Temple   | Became a worshipper of Sif Muna the Loreminder
  7845 | D:7      | Reached skill level 13 in Axes
  8489 | D:7      | Reached skill level 5 in Shields
  8629 | D:8      | Noticed Maurice
  8657 | D:8      | Killed Maurice
  8658 | D:8      | Reached XP level 10. HP: 69/73 MP: 14/14
  8739 | D:8      | Reached skill level 14 in Axes
  9407 | D:9      | Reached * piety under Sif Muna
  9689 | D:9      | Found a staircase to the Orcish Mines.
 10193 | D:9      | Reached ** piety under Sif Muna
 10554 | D:9      | Reached skill level 15 in Axes
 10561 | D:9      | Noticed a komodo dragon
 10564 | D:9      | Killed a komodo dragon
 10717 | D:9      | Found a staircase to the Lair.
 10980 | D:10     | Entered Level 10 of the Dungeon
 11111 | D:10     | Reached XP level 11. HP: 68/78 MP: 15/15
 11279 | D:10     | Found Peej's Assorted Antiques.
 11804 | D:10     | Noticed Nergalle
 11828 | D:10     | Killed Nergalle
 11829 | D:10     | Reached skill level 16 in Axes
 12127 | D:11     | Noticed a boulder beetle
 12156 | D:11     | Slain by a boulder beetle

Illustrated notes

Levels and vault maps discovered:
D:1:      eino_arrival_water_star, layout_basic
D:2:      layout_basic, hellmonk_ecumenical_altar_arch_garden,
          kennysheep_generic_room_13, uniq_terence, uniq_crazy_yiuf_cottage
D:3:      layout_basic, serial_bayou, serial_bayou_lake_a, serial_bayou_pond_b,
          serial_bayou_crossing, serial_bayou_shore_a, serial_bayou_pond_d,
          serial_bayou_pond_b, minmay_gold_behind_fungi
D:4:      layout_loops_ring
D:5:      kennysheep_kobold_camp, layout_basic, zin_treasury, st_stairs_13,
          kennysheep_generic_room_15
D:6:      layout_basic, kennysheep_nondescript,
          minmay_guarded_unrand_staff_of_olgreb, uniq_menkaure, uniq_grinder
D:7:      layout_gridville, minmay_temple_entry_statues_pillars
D:8:      layout_basic, uniq_maurice
D:9:      layout_loops_ring, erik_lair_dragon, david_orc_5
D:10:     layout_roguey, serial_shops, nicolae_take_the_stairs, minmay_holes,
          uniq_nergalle
D:11:     layout_roguey, serial_rivers, chequers_serial_rivers_small_a,
          chequers_serial_rivers_micro_a, chequers_serial_rivers_small_b,
          chequers_serial_rivers_small_3, chequers_serial_rivers_micro_e,
          chequers_serial_rivers_micro_b
Temple:   mainiacjoe_temple_archimedes_tessellation

Skill      XL: |  1  2  3  4  5  6  7  8  9 10 11 |
---------------+----------------------------------+-----
Axes           | 3 4 5 7 10 13 15 16 | 16.6
Spellcasting   | 2 3 |  3.1
Translocations | 1 2 |  2.8
Fighting       | 4 |  4.9
Shields        | 5 9 |  9.0
Armour         | |  3.2

Action                   |  1- 3 |  4- 6 |  7- 9 | 10-12 || total
-------------------------+-------+-------+-------+-------++-------
Melee: War axe           |    66 |   150 |   260 |    15 ||   491
       Battleaxe         |       |       |       |   300 ||   300
 Abil: Dig               |       |     1 |     2 |     5 ||     8
Evoke: Wand              |       |       |     1 |     4 ||     5
  Use: Potion            |       |       |     3 |       ||     3
       Scroll            |       |       |     4 |     5 ||     9
Armor: Scale mail        |    28 |       |       |       ||    28
       Chain mail        |    17 |   101 |   171 |   110 ||   399
Dodge: Dodged            |    43 |    60 |    76 |    76 ||   255
Block: Buckler           |    16 |    38 |    56 |       ||   110
       Kite shield       |       |       |    17 |   109 ||   126

Table legend: (Time is in decaauts)
 A = Elapsed time spent in this place.
 B = Non-inter-level travel time spent in this place.
 C = Inter-level travel time spent in this place.
 D = Time resting spent in this place.
 E = Time spent auto-exploring this place.
 F = Levels seen in this place.
 G = Mean time per level.
                   A        B        C        D        E       F      G
               +--------+--------+--------+--------+--------+-----+--------+
         Total |  12275 |  11897 |    378 |   1787 |   8268 |  12 | 1022.9 |
       Dungeon |  12011 |  11673 |    338 |   1787 |   8062 |  11 | 1091.9 |
        Temple |    264 |    224 |     40 |      0 |    206 |   1 |  264.0 |
               +--------+--------+--------+--------+--------+-----+--------+

Top non-repeatable levels by time:
     D:9: 1673 daAuts
     D:5: 1596 daAuts
     D:4: 1492 daAuts
     D:6: 1469 daAuts
     D:3: 1150 daAuts
     D:7: 1038 daAuts
    D:10: 1029 daAuts
     D:2: 1028 daAuts
     D:1: 711 daAuts
     D:8: 681 daAuts
  Temple: 264 daAuts
    D:11: 137 daAuts
